 Dungeon Crawl Stone Soup version 0.20.1-1-g8b1a95d (webtiles) character file.

78 vineage the Ducker (level 4, 0/34 HPs)
             Began as a Demonspawn Gladiator on Aug 3, 2017.
             Was an Initiate of Okawaru (penitent).
             Slain by a chaos spawn (14 damage)
             ... summoned by Xom
             ... on level 3 of the Dungeon.
             The game lasted 00:06:12 (2019 turns).

vineage the Ducker (Demonspawn Gladiator)           Turns: 2019, Time: 00:06:13

Health: 0/34       AC:  5    Str: 15    XL:     4   Next: 15%
Magic:  4/4        EV: 10    Int: 10    God:    Okawaru [*]
Gold:   56         SH:  0    Dex: 14    Spells: 3/3 levels left

rFire    . . .     SeeInvis .   k - +3 spear (pierce)
rCold    . . .     Gourm    .   (no shield)
rNeg     . . .     Faith    .   j - +0 scale mail (curse)
rPois    .         Spirit   .   (helmet restricted)
rElec    .         Reflect  .   (no cloak)
rCorr    +         Harm     .   (no gloves)
MR       .....                  (no boots)
Stlth    +.........             (no amulet)
Regen    0.2/turn               h - ring of resist corrosion
MPRegen  0.1/turn               (no ring)

@: no status effects
A: antennae 1, molten scales 1, blurry vision 1, deformed body, demonic guardian
1, nightstalker 1, sense surroundings 1
a: Renounce Religion


You were on level 3 of the Dungeon.
You worshipped Okawaru.
Okawaru was demanding penance.
You were not hungry.

You visited 1 branch of the dungeon, and saw 3 of its levels.

You collected 56 gold pieces.

Inventory:

Hand Weapons
 a - a +0 quarterstaff
 i - a +4 dagger
 k - a +3 spear of piercing (weapon)
Missiles
 d - 3 throwing nets (quivered)
Armour
 b - a +0 leather armour
 c - a +0 helmet
 j - a cursed +0 scale mail (worn)
Jewellery
 h - a ring of resist corrosion (left hand)
Scrolls
 l - a scroll of magic mapping {unknown}
 n - a scroll of amnesia {unknown}
 o - a scroll of fear {unknown}
 p - 2 scrolls of teleportation {unknown}
 q - a scroll of immolation {unknown}
 r - a scroll of fog {unknown}
 s - a scroll of random uselessness {unknown}
 t - a scroll of remove curse {unknown}
 u - a scroll of identify {unknown}
Potions
 e - 4 potions of curing {unknown}
 f - a potion of resistance {unknown}
 m - a potion of agility {unknown}
Comestibles
 g - a royal jelly


   Skills:
 + Level 2.4 Fighting
 + Level 1.2(2.3) Polearms
 + Level 3.1(3.2) Staves
 + Level 2.0 Throwing
 + Level 1.1 Armour
 + Level 3.2 Dodging
 + Level 0.2 Stealth


You had 3 spell levels left.
You didn't know any spells.

Dungeon Overview and Level Annotations

Branches:
Dungeon (3/15)

Altars:
Okawaru
Xom


Innate Abilities, Weirdness & Mutations

You are partially covered in molten scales. (AC +2)
A weak demonic guardian rushes to your aid.
You are slightly more attuned to the shadows.
You have a pair of small antennae on your head.
Scrolls take you a little longer to read.
Armour fits poorly on your strangely shaped body.
You passively map a small area around you.


Message History

Your shadow imp dies!
The chaos spawn barely misses your shadow imp.
Your shadow imp hits the chaos spawn but does no damage.
The chaos spawn gores your shadow imp!
Your shadow imp dies!
Your ufetubus closely misses the chaos spawn. x2
Your ufetubus barely misses the chaos spawn.
Your ufetubus hits the chaos spawn but does no damage.
There is a stone staircase leading down here.
Your ufetubus closely misses the chaos spawn.
Your ufetubus barely misses the chaos spawn.
Your ufetubus misses the chaos spawn.
Your ufetubus closely misses the chaos spawn.
Your ufetubus hits the chaos spawn but does no damage.
Your ufetubus barely misses the chaos spawn.
There is a stone staircase leading down here.
You can't go up here!
The chaos spawn hits you! The chaos spawn sears you!
You die... "Boring in life, boring in death..."

...# ,
,.........#,,,
#### .........# ,
.........####### *
,,................
**
................ ,
#####.#........ *
#.#........ * ,
*#######.#........
........#@.......
#######.#4.......
........5........
,
.................
, ,
.................
* ,
#######.#........
* #.####....#* *
#.# *....# , ,, *
#.# ,...# , ,


You could see a chaos spawn and a friendly ufetubus.

Vanquished Creatures
  2 adders (D:2)
  An ooze (D:1)
  2 worms (D:2)
  A dart slug (D:1)
  2 leopard geckos
  3 giant cockroaches
  6 goblins
  6 hobgoblins
  3 jackals (D:1)
  3 kobolds
  3 quokkas (D:2)
  5 bats
  4 frilled lizards
  4 rats
45 creatures vanquished.

Notes
Turn   | Place    | Note
-------+----------+-------------------------------------------
     0 | D:1      | vineage the Demonspawn Gladiator began the quest for the Orb.
     0 | D:1      | Reached XP level 1. HP: 16/16 MP: 1/1
   325 | D:1      | Gained mutation: A weak demonic guardian rushes to your aid. [demonic ancestry]
   325 | D:1      | Reached XP level 2. HP: 11/22 MP: 2/2
   333 | D:1      | Gained mutation: Scrolls take you a little longer to read. [potion of mutation]
   333 | D:1      | Gained mutation: You have a pair of small antennae on your head. [potion of mutation]
   333 | D:1      | Gained mutation: You passively map a small area around you. [potion of mutation]
   333 | D:1      | Gained mutation: Your mind is acute. (Int +2) [potion of mutation]
   920 | D:2      | Gained mutation: You are slightly more attuned to the shadows. [demonic ancestry]
   920 | D:2      | Reached XP level 3. HP: 27/27 MP: 3/3
   994 | D:2      | Found a shimmering altar of Xom.
  1061 | D:2      | Became a worshipper of Xom the Capricious
  1164 | D:2      | XOM: silly message
  1195 | D:2      | Reached skill level 1 in Armour
  1274 | D:2      | Found an iron altar of Okawaru.
  1309 | D:2      | Fell from the grace of Xom
  1309 | D:2      | Became a worshipper of Warmaster Okawaru
  1607 | D:2      | Reached skill level 1 in Polearms
  1607 | D:2      | Gained mutation: You are partially covered in molten scales. (AC +2) [demonic ancestry]
  1607 | D:2      | Reached XP level 4. HP: 31/34 MP: 4/4
  1973 | D:3      | XOM: give mutations
  1973 | D:3      | Gained mutation: Armour fits poorly on your strangely shaped body. [Xom's mischief]
  1973 | D:3      | Lost mutation: Your mind is acute. (Int +2) [Xom's mischief]
  1995 | D:3      | XOM: summons 1 hostile demon
  1996 | D:3      | Noticed a chaos spawn
  1997 | D:3      | Was placed under penance by Okawaru
  2019 | D:3      | Slain by a chaos spawn

Skill      XL: |  1  2  3 |
---------------+----------+-----
Dodging        | 3 |  3.2
Throwing       | 2 |  2.0
Staves         | 3 |  3.1
Armour         | 1 |  1.1
Polearms       | 1 |  1.2
Fighting       | |  2.4
Stealth        | |  0.2

Action                   |  1- 3 |  4- 6 || total
-------------------------+-------+-------++-------
Melee: Quarterstaff      |    22 |       ||    22
       Dagger            |    11 |       ||    11
       Spear             |    84 |    13 ||    97
  Use: Potion            |     1 |       ||     1
  Eat: Bread ration      |     1 |       ||     1
Armor: Leather armour    |     6 |       ||     6
       Scale mail        |    28 |     4 ||    32
Dodge: Dodged            |    54 |     1 ||    55
